 Dungeon Crawl Stone Soup version 0.30-a0-782-ge64f9170bb (webtiles) character file.

Game seed: 759132156315918249

61 Barriton the Insei (level 3, -5/28 HPs)
             Began as a Draconian Transmuter on Mar 8, 2023.
             Slain by an orc
             ... wielding a +0 dagger of electrocution
              (8 damage)
             ... on level 3 of the Dungeon.
             The game lasted 00:03:26 (1847 turns).

Barriton the Insei (Draconian Transmuter)           Turns: 1847, Time: 00:03:27

Health: -5/28      AC:  5    Str: 12    XL:     3   Next: 83%
Magic:  5/6        EV: 12    Int: 13    God:
Gold:   104        SH:  0    Dex: 13    Spells: 4/7 levels left

rFire   . . .      SeeInvis .      - Unarmed
rCold   . . .      Faith    .    (no shield)
rNeg    . . .      Spirit   .    (body armour unavailable)
rPois   .          Reflect  .    (helmet restricted)
rElec   .          Harm     .    (no cloak)
rCorr   .          Rampage  .    (no gloves)
Will    .....                    (no boots)
Stlth   +                        (no amulet)
HPRegen 0.24/turn                (no ring)
MPRegen 0.10/turn                (no ring)

@: wereblooded
A: AC +5, unfitting armour, cold-blooded
a: no special abilities


You were on level 3 of the Dungeon.
You visited 1 branch of the dungeon, and saw 3 of its levels.

You collected 104 gold pieces.

Inventory:

Wands
 h - a wand of paralysis (7)
Scrolls
 e - a scroll of identify
 k - a scroll of vulnerability {unknown}
Potions
 a - 2 potions of lignification
 b - a potion of flight
 c - 2 potions of heal wounds {unknown}
 d - a potion of degeneration
 f - a potion of curing {unknown}
 g - a potion of mutation {unknown}
 i - a potion of invisibility {unknown}
 j - a potion of haste {unknown}


   Skills:
 + Level 1.1 Fighting
 + Level 1.8 Dodging
 + Level 0.6 Stealth
 + Level 3.9 Unarmed Combat
 + Level 2.5 Spellcasting
 + Level 2.5 Transmutations


You had 4 spell levels left.
You knew the following spells:

 Your Spells              Type           Power      Damage    Failure   Level
a - Beastly Appendage     Tmut           16%        N/A       9%          1
b - Wereblood             Tmut           8%         N/A       13%         2

Your spell library contained the following spells:

 Spells                   Type           Power      Damage    Failure   Level
 Passwall                 Tmut/Erth      3%         N/A       22%         2
 Ensorcelled Hibernation  Hex/Ice        2%         N/A       36%         2
 Lesser Beckoning         Tloc           2%         N/A       36%         2
 Spider Form              Tmut/Pois      4%         N/A       41%         3
 Gell's Gravitas          Tloc           1%         N/A       58%         3
 Swiftness                Air            1%         N/A       58%         3
 Teleport Other           Tloc           1%         N/A       58%         3
 Ice Form                 Ice/Tmut       4%         N/A       82%         4


Dungeon Overview and Level Annotations

Branches:
Dungeon (3/15)

Altars:


Innate Abilities, Weirdness & Mutations

Your plain brown scales are hard. (AC +5)
You cannot fit into any form of body armour.
You are cold-blooded and may be slowed by cold attacks.


Message History

* * * LOW HITPOINT WARNING * * *
You feel sick. The adder closely misses you.
You hit the adder but do no damage. Your kick misses the adder.
You headbutt the adder. You tail-slap the adder.
You feel a bit better.
You kill the adder!
You howl as the wereblood boils in your veins!
You feel sick.
You closely miss the orc. You claw the orc, but do no damage.
You headbutt the orc.
Your tail-slap misses the orc.
The orc is moderately wounded.
Your horns disappear.
Your talons disappear.
You feel sick.
You hit the orc.
You tail-slap the orc, but do no damage.
The orc is heavily wounded.
You feel sick.
You hit the orc but do no damage.
The orc is heavily wounded.
You feel sick. The orc barely misses you.
You closely miss the orc.
The orc is heavily wounded.
You feel sick. The orc hits you but does no damage.
You hit the orc.
You feel a bit better.
You kill the orc!
You howl as the wereblood boils in your veins!
You feel sick.
You hit the orc but do no damage.
The orc is moderately wounded.
You feel sick.
You are no longer poisoned.
You hit the orc.
The orc is heavily wounded.
You howl as the wereblood boils in your veins!
The orc closely misses you.
You hit the orc but do no damage.
Your tail-slap misses the orc.
The orc is heavily wounded.
The orc hits you with a +0 dagger of electrocution.
* * * LOW HITPOINT WARNING * * *
You are electrocuted!
You die...

#^# #.# .##.##.# #.# .#..
#.# #(# ### .#.# #.###'##
####.. .#.###.##...###..
.. ### .......#.....##.#
.# ...# ............[.#.#
.#..#.#
...##...........##)......
.)..............@ow......
...##...........###...###
..###.#.......#... ..#
#....>##.....###### ##
#########...## ##+##
###.# ##.#.# ##.#..##


You could see a dart slug and an orc.

Vanquished Creatures
  3 adders
  3 orcs (D:3)
  2 bats
  3 endoplasms
  A giant cockroach (D:2)
  2 goblins
  5 hobgoblins
  A quokka (D:1)
  2 frilled lizards
  4 kobolds
  4 rats
30 creatures vanquished.

Notes
Turn   | Place    | Note
-------+----------+-------------------------------------------
     0 | D:1      | Barriton the Draconian Transmuter began the quest for the
                  | Orb.
     0 | D:1      | Reached XP level 1. HP: 16/16 MP: 3/3
   309 | D:1      | Reached XP level 2. HP: 23/23 MP: 3/5
   312 | D:1      | Learned a level 2 spell: Wereblood
   997 | D:2      | Reached XP level 3. HP: 17/28 MP: 6/6
  1847 | D:3      | Slain by an orc

Illustrated notes

Levels and vault maps discovered:
D:1:      minmay_arrival_stair_chambers, layout_loops_ring,
          reono_crystal_passage
D:2:      layout_basic, hangedman_decor_riveting, kennysheep_generic_room_11
D:3:      layout_loops_corners, lemuel_tele_altar, led_sif_pool,
          ebering_dispersal_statue_hall, chequers_serial_rivers_small_3,
          nrook_campfire

Action                     || total
---------------------------++-------
  Melee: Unarmed           ||    95
         Kick              ||    17
         Headbutt          ||    12
         Tailslap          ||     4
         Punch             ||     4
   Cast: Beastly Appendage ||    22
         Wereblood         ||     2
    Use: Scroll            ||     6
   Stab: Sleeping          ||     2
 Armour: Skin              ||    26
  Dodge: Dodged            ||    50

Table legend: (Time is in decaauts)
 A = Elapsed time spent in this place.
 B = Non-inter-level travel time spent in this place.
 C = Inter-level travel time spent in this place.
 D = Time resting spent in this place.
 E = Time spent auto-exploring this place.
 F = Levels seen in this place.
 G = Mean time per level.
                   A        B        C        D        E       F      G
               +--------+--------+--------+--------+--------+-----+--------+
         Total |   1848 |   1803 |     45 |      0 |   1548 |   3 |  616.0 |
       Dungeon |   1848 |   1803 |     45 |      0 |   1548 |   3 |  616.0 |
               +--------+--------+--------+--------+--------+-----+--------+

Top non-repeatable levels by time:
     D:2: 861 daAuts
     D:1: 762 daAuts
     D:3: 223 daAuts
